 Dungeon Crawl Stone Soup version 0.30-a0-989-g0d87f670db (webtiles) character file.

Game seed: 16370355893654976911

1178 testman the Conjurer (level 8, -9/67 HPs)
             Began as a Grey Draconian Conjurer on Apr 3, 2023.
             Mangled by Duvessa
             ... wielding a +0 rapier
              (10 damage)
             ... on level 5 of the Dungeon.
             The game lasted 00:22:10 (6598 turns).

testman the Conjurer (Grey Draconian Conjurer)      Turns: 6598, Time: 00:22:10

Health: -9/67      AC: 17    Str: 10    XL:     8   Next: 18%
Magic:  0/14       EV: 12    Int: 21    God:
Gold:   203        SH:  0    Dex:  9    Spells: 5/15 levels left

rFire   . . .      SeeInvis .    i - +0 dagger
rCold   . . .      Faith    +    (no shield)
rNeg    . . .      Spirit   .    (body armour unavailable)
rPois   .          Reflect  .    (helmet restricted)
rElec   .          Rampage  .    (no cloak)
rCorr   .                        b - +0 pair of gloves
Will    .....                    p - +0 pair of boots
Stlth   ++                       g - amulet of faith
HPRegen 0.31/turn                n - +4 ring of protection
MPRegen 0.14/turn                (no ring)

@: weak-willed
A: AC +11, amphibious, unfitting armour, cold-blooded
a: no special abilities


You were on level 5 of the Dungeon.
You visited 1 branch of the dungeon, and saw 5 of its levels.

You collected 203 gold pieces.

Inventory:

Hand Weapons
 i - a +0 dagger (weapon)
Missiles
 u - 9 poisoned darts
Armour
 b - a +0 pair of gloves (worn)
 p - a +0 pair of boots (worn)
Magical Staves
 v - a staff of poison
Jewellery
 g - an amulet of faith (around neck)
 n - a +4 ring of protection (left hand)
Wands
 e - a wand of roots (9)
 j - a wand of flame (12)
Scrolls
 d - a scroll of magic mapping
 h - 4 scrolls of identify
 r - a scroll of butterflies
 t - 2 scrolls of amnesia
Potions
 a - a potion of magic
 c - a potion of mutation {unknown}
 f - 2 potions of curing
 o - 3 potions of flight
 q - a potion of brilliance {unknown}
 s - a potion of resistance {unknown}
 x - a potion of lignification {unknown}
 z - a potion of berserk rage {unknown}


   Skills:
 + Level 4.3 Fighting
 + Level 3.7 Dodging
 - Level 1.7 Stealth
 + Level 4.2 Spellcasting
 + Level 5.8 Conjurations
 + Level 4.5 Hexes


You had 5 spell levels left.
You knew the following spells:

 Your Spells              Type           Power      Damage    Failure   Level
a - Magic Dart            Conj           100%       1d8       1%          1
b - Searing Ray           Conj           58%        2d6       1%          2
c - Dazzling Flash        Conj/Hex       52%        N/A       4%          3
d - Fulminant Prism       Conj/Hex       13%        3d8       14%         4

Your spell library contained the following spells:

 Spells                   Type           Power      Damage    Failure   Level
 Lesser Beckoning         Tloc           8%         N/A       19%         2
 Frozen Ramparts          Ice            8%         1d2       34%         3
 Gell's Gravitas          Tloc           4%         N/A       34%         3
 Ignite Poison            Fire/Tmut/Pois 4%         N/A       34%         3
 Kindle Blastsparks       Fire/Tloc/Air  8%         2d10      34%         3
 Teleport Other           Tloc           4%         N/A       34%         3
 Iskenderun's Mystic Bla  Conj/Tloc      16%        2d5       34%         4
 Ice Form                 Ice/Tmut       4%         N/A       75%         4
 Summon Ice Beast         Ice/Summ       4%         N/A       75%         4
 Freezing Cloud           Conj/Ice/Air   6%         6-21      82%         5


Dungeon Overview and Level Annotations

Branches:
Dungeon (5/15)
 Temple: D:4-7

Altars:
Wu Jian

Annotations:
D:5 Duvessa


Innate Abilities, Weirdness & Mutations

Your dull iron-grey scales are very hard. (AC +11)
You are amphibious.
You cannot fit into any form of body armour.
You are cold-blooded and may be slowed by cold attacks.


Message History

Casting: Searing Ray (safe; 1% risk of failure)
Confirm with . or Enter, or press ? or * to list all spells.
Aiming: Searing Ray (safe; 1% risk of failure)
Press: ? - help, Shift-Dir - straight line, f/p - Duvessa
Aim: Duvessa, wielding a +0 rapier and wearing a +0 scale mail (heavily wounded, berserk, weak-willed, 85% to hit)
The searing ray hits Duvessa.
Duvessa is heavily wounded. (Press . to maintain the ray.) Duvessa barely misses you.
The searing ray misses Duvessa.
Duvessa hits you but does no damage. Duvessa closely misses you.
The searing ray hits Duvessa but does no damage.
Duvessa is heavily wounded.
Duvessa hits you with a +0 rapier!
* * * LOW HITPOINT WARNING * * *
You feel much better. Duvessa closely misses you. Duvessa barely misses you.
Casting: Searing Ray (safe; 1% risk of failure)
Confirm with . or Enter, or press ? or * to list all spells.
Okay, then.
Unknown command.
Okay, then.
Casting: Searing Ray (safe; 1% risk of failure)
Confirm with . or Enter, or press ? or * to list all spells.
Aiming: Searing Ray (safe; 1% risk of failure)
Press: ? - help, Shift-Dir - straight line, f/p - Duvessa
Aim: Duvessa, wielding a +0 rapier and wearing a +0 scale mail (heavily wounded, berserk, weak-willed, 85% to hit)
The searing ray hits Duvessa.
Duvessa is severely wounded. (Press . to maintain the ray.) Duvessa hits you with a +0 rapier!
* * * LOW HITPOINT WARNING * * *
The searing ray hits Duvessa.
Duvessa is severely wounded.
Duvessa hits you with a +0 rapier.
* * * LOW HITPOINT WARNING * * *
Duvessa completely misses you.
The searing ray hits Duvessa!
Duvessa is almost dead.
Duvessa hits you with a +0 rapier!
You die...

##. #.# #..# ##...
##...##.#### #####
#.... ...........#
##>## +....
##.........#
8...8# #....
##..#####.##.....#
##... ##.
#.#8.....8 ##.. #
#.##.....## ##.
#.##8...8# ##
#.#####@# #
#...).e.# #
###.##### ## ##.
#.. ##. ##########
.........#
########..


You could see Duvessa (berserk, weak-willed).

Vanquished Creatures
  Grinder (D:4)
  A water moccasin (D:4)
  2 ogres (D:5)
  3 scorpions
  Dowan (D:5)
  2 hounds
  2 jellies (D:5)
  Ijyb (D:4)
  2 orc priests
  An orc wizard (D:2)
  Natasha (thrice) (D:4)
  3 gnolls (D:3)
  6 adders
  3 worms
  A dart slug (D:5)
  11 orcs
  8 endoplasms
  5 giant cockroaches
  5 goblins
  6 hobgoblins
  15 jackals
  3 quokkas
  5 ball pythons
  6 bats
  4 kobolds
  7 rats
107 creatures vanquished.

Vanquished Creatures (others)
  2 fungi (D:2)
  8 plants (D:2)
10 creatures vanquished.

Grand Total: 117 creatures vanquished

Notes
Turn   | Place    | Note
-------+----------+-------------------------------------------
     0 | D:1      | testman the Draconian Conjurer began the quest for the Orb.
     0 | D:1      | Reached XP level 1. HP: 14/14 MP: 3/3
   175 | D:1      | Reached XP level 2. HP: 22/22 MP: 1/5
   206 | D:1      | Learned a level 2 spell: Searing Ray
   292 | D:1      | Reached skill level 1 in Fighting
  1327 | D:2      | Reached XP level 3. HP: 21/28 MP: 1/6
  1331 | D:2      | Learned a level 3 spell: Dazzling Flash
  1608 | D:2      | Reached skill level 1 in Hexes
  1622 | D:2      | Found a faded altar of an unknown god.
  1710 | D:2      | Reached XP level 4. HP: 35/35 MP: 1/7
  2522 | D:3      | Reached XP level 5. HP: 26/41 MP: 4/8
  3767 | D:4      | Reached XP level 6. HP: 50/50 MP: 1/10
  3772 | D:4      | Learned a level 4 spell: Fulminant Prism
  3872 | D:4      | Noticed Natasha
  3875 | D:4      | Noticed Grinder
  3877 | D:4      | Paralysed by Grinder for 2 turns
  3884 | D:4      | Killed Natasha
  3885 | D:4      | Noticed a water moccasin
  4343 | D:4      | Noticed Ijyb
  4344 | D:4      | Paralysed by Ijyb for 3 turns
  4351 | D:4      | Paralysed by Ijyb for 4 turns
  4428 | D:4      | Killed Ijyb
  4538 | D:4      | Noticed Natasha
  4543 | D:4      | Killed Natasha
  4550 | D:4      | Noticed Natasha
  4558 | D:4      | Killed Natasha
  4862 | D:4      | Reached skill level 5 in Conjurations
  4862 | D:4      | Killed a water moccasin
  4863 | D:4      | Your scales start taking on a dull iron-grey colour.
  4863 | D:4      | Reached XP level 7. HP: 46/57 MP: 0/12
  5281 | D:4      | Found an ornate altar of the Wu Jian Council.
  5355 | D:4      | Killed Grinder
  5503 | D:5      | Entered Level 5 of the Dungeon
  6320 | D:5      | Reached XP level 8. HP: 17/66 MP: 4/14
  6567 | D:5      | Noticed Dowan
  6570 | D:5      | Noticed Duvessa
  6572 | D:5      | Killed Dowan
  6585 | D:5      | HP: 2/67 [Duvessa/+0 rapier (7)]
  6586 | D:5      | Identified a scroll of acquirement
  6586 | D:5      | Acquired the +3 pair of boots of the Poles {*Corrode rC+
                  | Regen+ Int+8}
  6594 | D:5      | HP: 2/67 [Duvessa/+0 rapier (9)]
  6598 | D:5      | Mangled by Duvessa

Illustrated notes

Levels and vault maps discovered:
D:1:      dreamdust_arrival_sigmund_warning, layout_basic
D:2:      layout_basic, shapermc_ecumenical_altar_hornbeckon,
          serial_bayou_pond_e
D:3:      layout_loops_ring, minmay_cut_off
D:4:      layout_layer_cave, marbit_many_paths, serial_glass, glass_columns_c,
          glass_columns_b, uniq_grinder, uniq_natasha, uniq_ijyb
D:5:      layout_loops_corners, nicolae_overflow_hidden_temple, uniq_duvessa

Skill      XL: |  1  2  3  4  5  6  7 |
---------------+----------------------+-----
Fighting       | 1 2 3 4 |  4.3
Hexes          | 2 3 4 |  4.5
Dodging        | 2 3 |  3.7
Spellcasting   | 3 4 |  4.2
Conjurations   | 5 |  5.8
Stealth        | |  1.7

Action                     |  1- 3 |  4- 6 |  7- 9 || total
---------------------------+-------+-------+-------++-------
  Melee: Unarmed           |    62 |       |       ||    62
         Tailslap          |     4 |    14 |     4 ||    22
         Dagger            |    17 |   139 |    21 ||   177
         Punch             |     1 |     2 |       ||     3
   Cast: Magic Dart        |    52 |    29 |     8 ||    89
         Searing Ray       |     7 |    33 |    22 ||    62
         Dazzling Flash    |       |       |     2 ||     2
    Use: Scroll            |       |     7 |     4 ||    11
         Potion            |       |       |     4 ||     4
   Stab: Sleeping          |       |     3 |     1 ||     4
 Armour: Skin              |    39 |    74 |    23 ||   136
  Dodge: Dodged            |    61 |   116 |    29 ||   206

Table legend: (Time is in decaauts)
 A = Elapsed time spent in this place.
 B = Non-inter-level travel time spent in this place.
 C = Inter-level travel time spent in this place.
 D = Time resting spent in this place.
 E = Time spent auto-exploring this place.
 F = Levels seen in this place.
 G = Mean time per level.
                   A        B        C        D        E       F      G
               +--------+--------+--------+--------+--------+-----+--------+
         Total |   6617 |   6445 |    172 |    660 |   4776 |   5 | 1323.4 |
       Dungeon |   6617 |   6445 |    172 |    660 |   4776 |   5 | 1323.4 |
               +--------+--------+--------+--------+--------+-----+--------+

Top non-repeatable levels by time:
     D:4: 1867 daAuts
     D:1: 1256 daAuts
     D:3: 1232 daAuts
     D:2: 1167 daAuts
     D:5: 1094 daAuts
